 Dungeon Crawl Stone Soup version 0.30-a0-123-g91d0c66ccf (webtiles) character file.

Game seed: 3452237706848392744

3223 MisterAzrael the Carver (level 9, -1/82 HPs)
             Began as a Minotaur Fighter on Sept 17, 2022.
             Slain by a wyvern (13 damage)
             ... on level 9 of the Dungeon.
             The game lasted 00:09:23 (6789 turns).

MisterAzrael the Carver (Minotaur Fighter)          Turns: 6789, Time: 00:09:23

Health: -1/82      AC: 19    Str: 25    XL:     9   Next: 66%
Magic:  8/8        EV:  7    Int:  5    God:
Gold:   552        SH:  0    Dex: 10    Spells: 8/8 levels left

rFire   . . .      SeeInvis .    Q - +0 great sword
rCold   + . .      Faith    .    (shield currently unavailable)
rNeg    . . .      Spirit   .    D - +3 plate armour {Will+}
rPois   .          Reflect  .    (helmet restricted)
rElec   .          Harm     .    (no cloak)
rCorr   .          Rampage  .    (no gloves)
Will    +....                    f - +2 pair of boots
Stlth   ..........               v - amulet of regeneration
HPRegen 1.03/turn                s - ring of protection from cold
MPRegen 0.11/turn                F - ring of flight

@: flying
A: horns 2, retaliatory headbutt
a: no special abilities


You were on level 9 of the Dungeon.
You visited 2 branches of the dungeon, and saw 10 of its levels.
You also visited: Ossuary.

You collected 805 gold pieces.
You spent 253 gold pieces at shops.

Inventory:

Hand Weapons
 a - a +0 long sword
 y - the +0 glaive of Dishonesty {vorpal, Dex+2 Stlth+}
   (You bought it in a shop on level 5 of the Dungeon)

   It inflicts extra damage upon your enemies.
   Dex:       It affects your dexterity (+2).
   Stlth:     It makes you more stealthy.
 Q - a +0 great sword (weapon)
Missiles
 L - 2 throwing nets (quivered)
Armour
 b - a +0 scale mail
 c - a +0 buckler
 d - a +2 scale mail of willpower
 f - a +2 pair of boots (worn)
 D - a +3 plate armour of willpower (worn)
Jewellery
 l - a ring of wizardry
 s - a ring of protection from cold (left hand)
 v - an amulet of regeneration (around neck)
 F - a ring of flight (right hand)
 M - a ring of positive energy
Wands
 q - a wand of iceblast (16)
 w - a wand of mindburst (12)
 N - a wand of flame (23)
 P - a wand of digging (2)
Scrolls
 e - a scroll of silence {unknown}
 h - a scroll of enchant weapon {unknown}
 k - 6 scrolls of identify {unknown}
 n - 4 scrolls of blinking {unknown}
 o - 2 scrolls of immolation {unknown}
 t - a scroll of noise {unknown}
 u - 7 scrolls of teleportation {unknown}
 E - a scroll of fear {unknown}
 G - a scroll of poison {unknown}
 I - 2 scrolls of vulnerability {unknown}
 O - a scroll of magic mapping {unknown}
Potions
 g - 3 potions of heal wounds {unknown}
 i - 4 potions of brilliance
 j - a potion of mutation {unknown}
 m - 2 potions of invisibility {unknown}
 p - 4 potions of curing {unknown}
 r - 5 potions of haste
 x - 4 potions of cancellation {unknown}
 z - 2 potions of flight {unknown}
 A - a potion of degeneration {unknown}
 B - 5 potions of attraction {unknown}
 C - 2 potions of might
 H - a potion of ambrosia {unknown}
 J - 2 potions of lignification {unknown}
 K - a potion of magic {unknown}


   Skills:
 * Level 8.5 Fighting
 + Level 12.4 Long Blades
 + Level 6.6 Armour
 - Level 6.2 Shields


You had 8 spell levels left.
You didn't know any spells.
Your spell library contained the following spells:

 Spells                   Type           Power      Damage    Failure   Level
 Frozen Ramparts          Ice            0%         1d1       100%        3
 Inner Flame              Hex/Fire       0%         N/A       100%        3
 Portal Projectile        Hex/Tloc       0%         N/A       100%        3
 Tukima's Dance           Hex            0%         N/A       100%        3
 Cause Fear               Hex            0%         N/A       100%        4
 Ice Form                 Ice/Tmut       0%         N/A       100%        4
 Summon Ice Beast         Ice/Summ       0%         N/A       100%        4
 Blade Hands              Tmut           0%         N/A       100%        5
 Discord                  Hex            0%         N/A       100%        8


Dungeon Overview and Level Annotations

Branches:
Dungeon (9/15)             Temple (1/1) D:4            Lair (0/5) D:8
Ossuary (visited)
    Orc: D:9-12

Altars:
Ashenzari
Cheibriados
Dithmenos
Gozag
Hepliaklqana
Kikubaaqudgha
Makhleb
Nemelex Xobeh
Qazlal
Ru
Sif Muna
Trog
Uskayaw
Vehumet
Wu Jian
Xom
Yredelemnul
Zin
The Shining One

Shops:
D:5 (


Innate Abilities, Weirdness & Mutations

You have a pair of horns on your head.
You reflexively headbutt those who attack you in melee.


Message History

A wyvern comes into view.
The steam dragon breathes steam at you. The ball of steam hits you!
You hear a shout! x2
You barely miss the steam dragon. Your headbutt misses the steam dragon.
The steam dragon is moderately wounded.
The steam dragon bites you!
The steam dragon claws you but does no damage.
You barely miss the steam dragon.
The steam dragon is moderately wounded.
The steam dragon bites you but does no damage.
The steam dragon claws you but does no damage.
You slash the steam dragon!
The steam dragon is almost dead.
The steam dragon barely misses you. You furiously retaliate!
You headbutt the steam dragon, but do no damage.
The steam dragon claws you but does no damage.
The wyvern is engulfed in a cloud of scalding steam.
The steam dragon bites you but does no damage.
The steam dragon claws you.
You closely miss the steam dragon.
The steam dragon is almost dead.
The wyvern bites you but does no damage. x2
The steam dragon bites you but does no damage.
The steam dragon closely misses you.
You slice the steam dragon!!
You kill the steam dragon!
You are engulfed in a cloud of scalding steam.
The wyvern bites you! The wyvern barely misses you.
You are too injured to fight recklessly!
You slash the wyvern!
The wyvern is heavily wounded.
The wyvern bites you!
An orc comes into view. It is wielding a +0 club.
The wyvern bites you!
* * * LOW HITPOINT WARNING * * *
You barely miss the wyvern. You headbutt the wyvern.
The wyvern is heavily wounded.
The wyvern bites you!
You die...

#. #.......# #..
#.......#
#..###.......#
#............#
#............#
#............#
#......<.....#
#.....@......#
#.....l.§....# #..
#........$...#...#
#..
#......§.§...#...#
#..
#............#...#
#..
..............#...#
#..
..............#...#
#.)
o.............#...#
#..
..................#
#..


You could see a wyvern and an orc.

Vanquished Creatures
  A komodo dragon (D:8)
  Prince Ribbit (D:5)
  2 steam dragons
  Edmund (D:5)
  An acid dragon (D:8)
  A sky beast (D:8)
  2 black bears
  3 orc warriors
  An ogre (D:5)
  2 centaurs
  A kobold brigand (D:7)
  2 bullfrogs
  A scorpion (D:5)
  3 wights (D:8)
  A howler monkey (D:6)
  5 jellies
  3 orc priests
  4 hounds (D:5)
  A gnoll bouda (D:7)
  Ijyb (D:3)
  Natasha (thrice) (D:4)
  3 iguanas
  3 orc wizards
  9 mummies
  11 gnolls
  5 adders
  A shadow imp (D:7)
  A white imp (D:5)
  An ufetubus (D:7)
  A worm (D:2)
  4 dart slugs
  30 orcs
  5 bats
  5 endoplasms
  5 giant cockroaches
  2 gnoll zombies (Ossuary)
  7 goblins
  2 hobgoblins
  8 jackals
  5 kobolds
  5 quokkas
  5 ball pythons
  2 hobgoblin zombies (Ossuary)
  3 kobold zombies (Ossuary)
  An orc zombie (Ossuary)
  6 rats
170 creatures vanquished.

Vanquished Creatures (others)
  3 plants (D:8)
3 creatures vanquished.

Grand Total: 173 creatures vanquished

Notes
Turn   | Place    | Note
-------+----------+-------------------------------------------
     0 | D:1      | MisterAzrael the Minotaur Fighter began the quest for the
                  | Orb.
     0 | D:1      | Reached XP level 1. HP: 19/19 MP: 0/0
   103 | D:1      | Reached XP level 2. HP: 27/27 MP: 1/1
   368 | D:1      | Reached skill level 3 in Long Blades
   763 | D:2      | Reached XP level 3. HP: 31/33 MP: 2/2
   767 | D:2      | Reached skill level 4 in Long Blades
   937 | D:2      | Reached XP level 4. HP: 37/40 MP: 3/3
  1281 | D:2      | Reached skill level 5 in Long Blades
  1818 | D:3      | Noticed a black bear
  1832 | D:3      | Killed a black bear
  1833 | D:3      | Reached skill level 6 in Long Blades
  1833 | D:3      | Reached XP level 5. HP: 46/46 MP: 4/4
  1882 | D:3      | Noticed Ijyb
  1887 | D:3      | Killed Ijyb
  2356 | D:3      | Reached skill level 7 in Long Blades
  2414 | D:4      | Noticed a black bear
  2420 | D:4      | Killed a black bear
  2421 | D:4      | Reached XP level 6. HP: 50/52 MP: 5/5
  2483 | D:4      | Noticed Natasha
  2489 | D:4      | Killed Natasha
  2554 | D:4      | Found a staircase to the Ecumenical Temple.
  2569 | D:4      | Noticed Natasha
  2584 | D:4      | Killed Natasha
  2585 | D:4      | Reached skill level 8 in Long Blades
  2591 | Temple   | Entered the Ecumenical Temple
  2895 | D:4      | Noticed Natasha
  2896 | D:4      | Killed Natasha
  3282 | D:5      | Entered Level 5 of the Dungeon
  3309 | D:5      | Noticed Edmund
  3322 | D:5      | Killed Edmund
  3323 | D:5      | Reached skill level 9 in Long Blades
  3323 | D:5      | Reached XP level 7. HP: 38/55 MP: 6/6
  3341 | D:5      | Found Sisalel's Antique Weapon Shop.
  3385 | D:5      | Found a shimmering blue altar of Sif Muna.
  3452 | D:5      | Noticed Prince Ribbit
  3490 | D:5      | Reached skill level 10 in Long Blades
  3527 | D:5      | Killed Prince Ribbit
  3528 | D:5      | Reached skill level 11 in Long Blades
  3528 | D:5      | Reached XP level 8. HP: 61/66 MP: 7/7
  3696 | D:5      | Bought a bloodstained glaive for 253 gold pieces
  3696 | D:5      | Identified the +0 glaive of Dishonesty {vorpal, Dex+2
                  | Stlth+} (You bought it in a shop on level 5 of the Dungeon)
  4163 | D:6      | Reached skill level 5 in Fighting
  4326 | D:6      | Found a sand-covered staircase.
  4334 | Ossuary  | Entered an ossuary
  5027 | D:7      | Reached skill level 5 in Armour
  5052 | D:7      | Reached skill level 5 in Shields
  5076 | D:7      | Found a hazy altar of Hepliaklqana.
  5468 | D:7      | Reached XP level 9. HP: 78/78 MP: 8/8
  6012 | D:8      | Reached skill level 12 in Long Blades
  6538 | D:8      | Found a staircase to the Lair.
  6538 | D:8      | Noticed a komodo dragon
  6551 | D:8      | Killed a komodo dragon
  6789 | D:9      | Slain by a wyvern

Illustrated notes

Levels and vault maps discovered:
D:1:      scummos_arrival_simple_fountains, layout_loops_ring
D:2:      layout_basic, serial_curves, eino_curves_03, eino_curves_02,
          minmay_misc_feat_ornament
D:3:      layout_rooms, kennysheep_generic_room_4, uniq_ijyb
D:4:      layout_loops_ring, minmay_temple_entry_large_hall, uniq_natasha
D:5:      layout_basic, led_sif_book, serial_shops, shop, uniq_prince_ribbit1,
          uniq_edmund
D:6:      layout_basic, gup_ossuary_entry_pyramid
D:7:      layout_basic, marbit_many_paths
D:8:      layout_loops_ring, david_lair_shrubbed, st_stairs_8,
          grunt_ministairs_2
D:9:      layout_long_grid, david_orc_5, gammafunk_ghost_abyssal_escape,
          uniq_grum, uniq_pikel, uniq_erolcha
Temple:   nicolae_temple_bog_church

Skill      XL: |  1  2  3  4  5  6  7  8  9 |
---------------+----------------------------+-----
Long Blades    | 3 4 6 7 9 11 12 | 12.4
Fighting       | 6 8 |  8.5
Armour         | 5 6 |  6.6
Shields        | 5 6 |  6.2

Action                   |  1- 3 |  4- 6 |  7- 9 || total
-------------------------+-------+-------+-------++-------
Melee: Long sword        |    56 |   160 |   360 ||   576
       Headbutt          |     5 |    26 |    62 ||    93
       Great sword       |       |       |    26 ||    26
  Use: Potion            |       |     2 |     1 ||     3
 Stab: Distracted        |       |     1 |       ||     1
Armor: Scale mail        |    25 |    70 |    88 ||   183
       Plate armour      |       |       |   157 ||   157
Dodge: Dodged            |    32 |    55 |   134 ||   221
Block: Buckler           |    10 |    31 |    88 ||   129

Table legend: (Time is in decaauts)
 A = Elapsed time spent in this place.
 B = Non-inter-level travel time spent in this place.
 C = Inter-level travel time spent in this place.
 D = Time resting spent in this place.
 E = Time spent auto-exploring this place.
 F = Levels seen in this place.
 G = Mean time per level.
                   A        B        C        D        E       F      G
               +--------+--------+--------+--------+--------+-----+--------+
         Total |   6773 |   6542 |    231 |    227 |   5052 |  11 |  615.7 |
       Dungeon |   6342 |   6111 |    231 |    194 |   4789 |   9 |  704.7 |
        Temple |    233 |    233 |      0 |     33 |    158 |   1 |  233.0 |
       Ossuary |    197 |    197 |      0 |      0 |    105 |   1 |  197.0 |
               +--------+--------+--------+--------+--------+-----+--------+

Top non-repeatable levels by time:
     D:2: 1068 daAuts
     D:7: 1019 daAuts
     D:6: 894 daAuts
     D:8: 824 daAuts
     D:1: 759 daAuts
     D:4: 662 daAuts
     D:3: 608 daAuts
     D:5: 442 daAuts
  Temple: 233 daAuts
 Ossuary: 197 daAuts
     D:9: 61 daAuts
